 Dungeon Crawl Stone Soup version 0.28.0-49-g6dfe1f597d (webtiles) character file.

Game seed: 4987970030839703586

84 Gabide the Poker (level 4, 0/24 (35) HPs)
             Began as a Human Monk on May 11, 2022.
             Slain by an orc
             ... wielding a +0 dagger
              (3 damage)
             ... on level 1 of the Dungeon.
             The game lasted 00:04:20 (2619 turns).

Gabide the Poker (Human Monk)                       Turns: 2619, Time: 00:04:21

HP:   0/24 (35)     AC:  5    Str: 14    XL:     4   Next: 72%
MP:   4/4           EV: 12    Int: 10    God:
Gold: 77            SH:  0    Dex: 15    Spells: 3/3 levels left

rFire   . . .      SeeInvis .   a - +0 spear
rCold   . . .      Faith    .   (no shield)
rNeg    . . .      Spirit   .   l - +0 ring mail
rPois   .          Reflect  .   (no helmet)
rElec   .          Harm     .   (no cloak)
rCorr   .          Rampage  .   (no gloves)
Will    .....                   (no boots)
Stlth   +.........              (no amulet)
HPRegen 0.08/turn               (no ring)
MPRegen 0.09/turn               (no ring)

@: very heavily drained
A: no striking features
a: no special abilities


You were on level 1 of the Dungeon.
You visited 1 branch of the dungeon, and saw 3 of its levels.

You collected 77 gold pieces.

Inventory:

Hand Weapons
 a - a +0 spear (weapon)
Armour
 l - a +0 ring mail (worn)
Scrolls
 f - a scroll of teleportation {unknown}
 i - a scroll of amnesia {unknown}
 k - a scroll of summoning {unknown}
Potions
 b - a potion of attraction
 d - a potion of might {unknown}
 j - a potion of magic


   Skills:
 + Level 3.5 Fighting
 + Level 3.6 Polearms
 * Level 2.0 Armour
 + Level 3.5 Dodging
 - Level 2.0 Stealth


You had 3 spell levels left.
You didn't know any spells.
Your spell library contained the following spells:

 Spells                   Type           Power      Damage    Failure   Level
 Slow                     Hex            0%         N/A       58%         1
 Confusing Touch          Hex            0%         N/A       92%         3
 Vampiric Draining        Necr           0%         2d6       92%         3


Dungeon Overview and Level Annotations

Branches:
Dungeon (3/15)

Altars:


Message History

The orc wizard casts a spell at you. The magic dart hits you.
* * * LOW HITPOINT WARNING * * *
You barely miss the orc wizard.
The orc wizard is heavily wounded.
The orc misses you. The orc wizard closely misses you.
You barely miss the orc wizard.
The orc wizard is heavily wounded.
The orc barely misses you. The orc wizard barely misses you.
You closely miss the orc wizard.
The orc wizard is heavily wounded.
The orc hits you but does no damage.
The orc wizard hits you but does no damage.
You hit the orc wizard but do no damage.
The orc wizard is heavily wounded.
The orc hits you with a +0 dagger.
* * * LOW HITPOINT WARNING * * *
The orc wizard hits you but does no damage.
You hit the orc wizard.
The orc wizard is severely wounded.
The orc barely misses you.
You hit the orc wizard.
The orc wizard is almost dead.
The orc wizard barely misses you.
You closely miss the orc wizard.
The orc wizard is almost dead.
The orc misses you.
The orc wizard hits you but does no damage.
You hit the orc wizard.
You kill the orc wizard!
The orc hits you with a +0 dagger.
* * * LOW HITPOINT WARNING * * *
Your Armour skill increases to level 2!
Things that are here:
a +0 dagger; a +0 robe
As you read the scroll labelled WAPEDW SIDGH, it crumbles to dust.
It is a scroll of identify.
b - a potion of attraction The orc hits you with a +0 dagger.
You die...

.)#.##>......##)#
..#.#...........#
....#..........##
....#..........#
.##.#..........#
.##.#..........#
.##............##########
.###...................[###
.# #............@o...)>...##
.###.......................#
...................####....#
....................#.#.#..#
..................##...##..#
..................#..#..#.##
........##........##...##.#
........##........#.#.#...#
......#.##....###...####.##


You could see an orc.

Vanquished Creatures
  An orc wizard (D:1)
  2 dart slugs
  2 orcs
  4 bats
  4 endoplasms
  5 giant cockroaches
  2 goblins (D:1)
  2 hobgoblins
  4 jackals (D:1)
  6 kobolds
  4 quokkas
  7 ball pythons
  A frilled lizard (D:2)
  2 rats
46 creatures vanquished.

Notes
Turn   | Place    | Note
-------+----------+-------------------------------------------
     0 | D:1      | Gabide the Human Monk began the quest for the Orb.
     0 | D:1      | Reached XP level 1. HP: 18/18 MP: 1/1
   136 | D:1      | Reached XP level 2. HP: 18/24 MP: 2/2
   554 | D:1      | Reached XP level 3. HP: 29/29 MP: 3/3
   785 | D:1      | Reached skill level 1 in Armour
  1836 | D:2      | Reached XP level 4. HP: 33/33 MP: 4/4
  2119 | D:2      | Found a faded altar of an unknown god.
  2619 | D:1      | Slain by an orc

Illustrated notes

Levels and vault maps discovered:
D:1:      kennysheep_arrival_seaside, layout_rooms, minmay_misc_feat_iff,
          minmay_hexomino_f4
D:2:      layout_rooms, dreamdust_ecumenical_altar_hidden_monk_grotto,
          minmay_misc_feat_ornament
D:3:      layout_rooms, general_overflow_altar,
          mainiacjoe_overflow_small_starburst, hangedman_ru_absence,
          lemuel_coloured_pillars_altar

Skill      XL: |  1  2  3  4 |
---------------+-------------+-----
Armour         | 1 2 |  2.0
Fighting       | |  3.5
Polearms       | |  3.6
Dodging        | |  3.5
Stealth        | |  2.0

Action                   |  1- 3 |  4- 6 || total
-------------------------+-------+-------++-------
Melee: Spear             |   145 |    58 ||   203
       Punch             |     4 |     4 ||     8
Throw: Throwing net      |       |     2 ||     2
  Use: Potion            |     1 |     2 ||     3
       Scroll            |       |     1 ||     1
 Stab: Sleeping          |     4 |     2 ||     6
       Distracted        |     1 |       ||     1
       Held in net/web   |       |     1 ||     1
Armor: Robe              |     2 |       ||     2
       Leather armour    |    28 |       ||    28
       Skin              |    12 |       ||    12
       Ring mail         |       |    21 ||    21
Dodge: Dodged            |    70 |    36 ||   106
